Map: Bastion of the Conclave

Players

IllIllIllIll

  • Race: Zerg Zerg
  • Spawn Location: 12:00

xXxkapitan

  • Race: Terran Terran
  • Spawn Location: 12:00

DEVIN

  • Race: Terran Terran
  • League: Diamond
  • Spawn Location: 0:00

Subwaymaker

  • Race: Protoss Protoss
  • League: Silver
  • Spawn Location: 6:00

Mesrob

  • Race: Terran Terran
  • Spawn Location: 6:00

subwayengine

  • Race: Terran Terran
  • Spawn Location: 6:00

VOD

Have the link to the VOD?

Description

Time

  • Played on: Jan. 9, 2019, 2:50 p.m.
  • Length: 3:26
Show
View Real Time Build Order
Export as new Build Order

IllIllIllIll Zerg 

Build Orders: Pool First 

Get SALT Encoding   

  12  0:01  Drone  
  13  0:08  Drone  
  14  0:16  Extractor, Drone  
  14  0:34  Spawning Pool  
  13  0:37  Drone  
  14  0:45  Overlord  
  14  1:20  Zergling x6  
  14  1:21  Queen  
  19  1:31  Metabolic Boost  
  19  1:33  Overlord  
  19  1:43  Zergling x2  
  20  2:00  Zergling x2  
  21  2:06  Zergling x2  
  22  2:14  Hatchery  
  21  2:16  Zergling x2  
  21  2:40  Zergling x2  
  21  2:41  Zergling x6  
  25  2:49  Queen  
  26  2:55  Zergling x2  
  27  3:03  Overlord  
Show
View Real Time Build Order
Export as new Build Order

xXxkapitan Terran 

Build Orders:  

Get SALT Encoding   

  12  0:01  SCV  
  13  0:13  SCV  
  14  0:25  SCV  
  15  0:47  Supply Depot  
  15  1:15  SCV  
  16  1:21  Barracks  
  16  1:24  Barracks  
  16  1:27  Barracks  
  16  1:30  SCV  
  17  1:36  Supply Depot  
  17  1:42  SCV  
  18  2:05  SCV  
  18  2:07  Supply Depot  
  19  2:11  Barracks  
  19  2:12  Marine  
  19  2:14  Marine  
  21  2:15  Barracks  
  21  2:16  Marine  
  22  2:31  Marine  
  22  2:34  Supply Depot  
  22  2:35  Marine x2  
  25  2:48  Marine  
  26  2:52  Marine  
  26  2:53  Marine  
  28  3:00  Marine  
  28  3:03  Marine  
  30  3:06  Marine  
  34  3:23  Supply Depot  
Show
View Real Time Build Order
Export as new Build Order

DEVIN Terran 

Build Orders:  

Get SALT Encoding   

  12  0:01  SCV  
  13  0:16  Supply Depot  
  13  0:22  SCV  
  14  0:34  SCV  
  15  0:42  Refinery  
  15  0:46  SCV  
  16  0:57  Barracks  
  16  1:09  Barracks  
  16  1:26  Barracks  
  16  1:38  Refinery  
  16  1:44  Reaper  
  17  1:56  Reaper  
  18  2:05  Orbital Command  
  18  2:13  Reaper  
  19  2:16  Reaper  
  20  2:31  Reaper  
  21  2:45  Reaper  
  21  2:47  Supply Depot  
  23  2:51  Reaper  
Show
View Real Time Build Order
Export as new Build Order

Subwaymaker Protoss 

Build Orders:  

Get SALT Encoding   

  1  0:00  Probe  
  13  0:28  Probe  
  14  0:29  Pylon  
  14  0:36  Assimilator  
  14  0:40  Probe  
  15  0:54  Probe  
  15  0:56  Gateway  
  16  1:03  Probe  
  16  1:11  Probe  
  18  1:21  Probe  
  19  1:26  Pylon  
  19  1:33  Probe  
  20  1:45  Probe  
  21  1:49  Cybernetics Core  
  21  1:53  Forge  
  21  1:57  Probe  
  21  1:59  Assimilator  
  22  2:02  Pylon  
  22  2:03  Zealot  
  24  2:09  Probe  
  25  2:41  Photon Cannon  
  25  2:42  Zealot  
  27  2:44  Photon Cannon  
  25  2:51  Photon Cannon  
Show
View Real Time Build Order
Export as new Build Order

Mesrob Terran 

Build Orders: 2 Factory 

Get SALT Encoding   

  12  0:01  SCV  
  13  0:17  Supply Depot  
  13  0:20  SCV  
  14  0:32  SCV  
  15  0:42  Barracks  
  15  0:44  SCV  
  15  0:49  Refinery  
  16  0:56  SCV  
  17  1:08  SCV  
  18  1:29  Orbital Command  
  18  1:33  Marine  
  19  1:47  Command Center  
  19  2:01  Factory  
  19  2:07  Barracks Tech Lab  
  18  2:40  Marine  
  18  2:45  SCV  
  19  2:55  Hellion  
  16  3:16  Factory  
Show
View Real Time Build Order
Export as new Build Order

subwayengine Terran 

Build Orders:  

Get SALT Encoding   

  12  0:25  Supply Depot, SCV  
  13  0:30  Refinery  
  13  0:37  SCV  
  14  0:50  SCV, Barracks  
  15  1:02  SCV  
  16  1:06  Refinery  
  16  1:14  SCV  
  17  1:38  Orbital Command  
  17  1:44  Factory  
  17  2:02  Marine  
  18  2:19  Marine  
  18  2:37  Marine  
  17  2:50  Hellion  
  18  2:53  SCV  
  15  2:58  Marine  
  13  3:05  SCV  
Tags
 
Add a new tag
Caveats
  • Supply blocks, unpowered buildings, or Contaminate may cause inaccurate times.
  • Supply counts are checked every 10 seconds.